 Dungeon Crawl Stone Soup version 0.20-a0-331-g5b3579f (webtiles) character file.

79 Amnesiac the Vexing (level 4, -4/24 HPs)
             Began as a Deep Elf Enchanter on Dec 21, 2016.
             Slain by a gnoll
             ... wielding a +0 club
              (9 damage)
             ... on level 3 of the Dungeon.
             The game lasted 00:03:06 (1334 turns).

Amnesiac the Vexing (Deep Elf Enchanter)            Turns: 1334, Time: 00:03:07

Health: -4/24      AC:  3    Str:  5    XL:     4   Next: 16%
Magic:  4/10       EV: 13    Int: 20    God:
Gold:   68         SH:  0    Dex: 19    Spells: 3/9 levels left

rFire  . . .     SeeInvis .     a - +1 dagger
rCold  . . .     Gourm    .     b - +1 robe
rNeg   . . .     Faith    .     (no shield)
rPois  .         Spirit   .     (no helmet)
rElec  .         Reflect  .     (no cloak)
rCorr  +         Harm     .     (no gloves)
MR     .....                    (no boots)
Stlth  +++.......               (no amulet)
                                j - ring of resist corrosion
                                h - +3 ring of dexterity

@: no status effects
A: no striking features
a: no special abilities


You were on level 3 of the Dungeon.
You were not hungry.

You visited 1 branch of the dungeon, and saw 3 of its levels.

You collected 68 gold pieces.

Inventory:

Hand Weapons
 a - a +1 dagger (weapon)
Armour
 b - a +1 robe (worn)
Jewellery
 h - a +3 ring of dexterity (left hand)
 j - a ring of resist corrosion (right hand)
Scrolls
 e - 3 scrolls of identify {unknown}
 n - a scroll of amnesia {unknown}
Potions
 f - 2 potions of heal wounds {unknown}
 g - a potion of might {unknown}
 i - a potion of degeneration {unknown}
 k - 3 potions of curing {unknown}
 l - a potion of haste {unknown}
Books
 c - a book of Maledictions

   Spells                             Type                      Level
   a - Corona                         Hexes                        1
   b - Ensorcelled Hibernation        Hexes/Ice                    2
   c - Confuse                        Hexes                        3
   d - Tukima's Dance                 Hexes                        3
   e - Dazzling Spray                 Conjuration/Hexes            3
Comestibles
 d - a bread ration
 m - 2 chunks of flesh


   Skills:
 + Level 3.1 Short Blades
 - Level 2.4 Dodging
 - Level 4.0 Stealth
 - Level 3.0 Spellcasting
 - Level 5.0 Hexes


You had 3 spell levels left.
You knew the following spells:

 Your Spells              Type           Power        Failure   Level  Hunger
e - Confuse               Hex            ###.....     8%          3    ###....
f - Corona                Hex            ###....      1%          1    None
z - Ensorcelled Hibernat  Hex/Ice        ##....       10%         2    ##.....


Dungeon Overview and Level Annotations

Branches:
Dungeon (3/15)

Altars:


Message History

The gnoll hits you with a club.
There is a stone staircase leading up here.
Found a stone staircase leading down.
There is a stone staircase leading down here.
A worm comes into view.
The helpless worm fails to defend itself.
You impale the worm!!
You kill the worm!
Casting: Ensorcelled Hibernation
Confirm with . or Enter, or press ? or * to list all spells.
Aiming: Corona
Press: ? - help, Shift-Dir - straight line, f/p - gnoll
Aim: a gnoll, wielding a club (chance to defeat MR: 71%)
The gnoll barely resists.
The gnoll hits you with a club!
* * * LOW HITPOINT WARNING * * *
A frilled lizard comes into view.
Found 21 stones.
Your magical contamination has completely faded away.
The gnoll hits you with a club!
You die...

#.# ####.# ...
#....# .. #.####
.. #.# #. #.# #.
#># ####.#########
#.#
#............###@#
#.###.####.....#g#
#(l...##.#..##.#
#..##.##.#.....#
#........#.#####
#.##.#####.. #. #.
..# ## ## #...
...#


You could see a gnoll.

Vanquished Creatures
  6 gnolls
  2 worms
  A leopard gecko (D:1)
  A giant cockroach (D:1)
  A hobgoblin (D:2)
  2 bats (D:2)
  A frilled lizard (D:1)
  4 kobolds
  3 rats
21 creatures vanquished.

Notes
Turn   | Place    | Note
-------+----------+-------------------------------------------
     0 | D:1      | Amnesiac the Deep Elf Enchanter began the quest for the Orb.
     0 | D:1      | Reached XP level 1. HP: 10/10 MP: 6/6
   504 | D:2      | Reached XP level 2. HP: 12/15 MP: 5/8
   508 | D:2      | Learned a level 2 spell: Ensorcelled Hibernation
   832 | D:2      | Reached skill level 5 in Hexes
   918 | D:2      | Reached XP level 3. HP: 12/19 MP: 2/9
  1018 | D:2      | Learned a level 3 spell: Confuse
  1271 | D:3      | Reached XP level 4. HP: 24/24 MP: 10/10
  1334 | D:3      | Slain by a gnoll

Vault maps used:
D:1:      lightli_iron_boxes, minmay_hedge_maze
D:3:      nemelex_dance_club_becter

Skill      XL: |  1  2  3 |
---------------+----------+-----
Stealth        | 4 |  4.0
Hexes          | 5 |  5.0
Short Blades   | 3 |  3.1
Dodging        | |  2.4
Spellcasting   | |  3.0

Action                   |  1- 3 |  4- 6 || total
-------------------------+-------+-------++-------
Melee: Dagger            |    53 |     1 ||    54
 Cast: Corona            |    10 |     1 ||    11
       Ensorcelled Hiber |    17 |     4 ||    21
 Stab: Sleeping          |    10 |     1 ||    11
  Eat: Chunk             |     2 |       ||     2
Armor: Robe              |    15 |       ||    15
Dodge: Dodged            |    42 |     4 ||    46
